 Dungeon Crawl Stone Soup version 0.17-a0-1951-g62301d3 (webtiles) character file.

25 Lysie the Sneak (level 2, -7/13 HPs)
             Began as a Spriggan Enchanter on Oct 3, 2015.
             Mangled by a gnoll
             ... wielding a +0 spear
              (8 damage)
             ... on level 2 of the Dungeon.
             The game lasted 00:02:18 (908 turns).

Lysie the Sneak (Spriggan Enchanter)                 Turns: 908, Time: 00:02:18

Health: -7/13      AC:  3    Str:  4    XL:     2   Next: 82%
Magic:  0/6        EV: 19    Int: 16    God:
Gold:   98         SH:  0    Dex: 16    Spells: 2 memorised, 3 levels left

rFire  . . .     SeeInvis +     a - +1 dagger
rCold  . . .     Clarity  .     b - +1 robe
rNeg   . . .     SustAt   .     (shield restricted)
rPois  .         Gourm    .     (helmet restricted)
rElec  .         Spirit   .     (no cloak)
rCorr  .         Warding  .     (gloves unavailable)
rMut   .         Stasis   .     (boots unavailable)
MR     .....                    (no amulet)
Stlth  +++.......               (no ring)
                                (no ring)

@: very quick, not resistant to hostile enchantments, fairly stealthy
A: unfitting armour, see invisible, herbivore 3, speed 3, slow metabolism 2
a: no special abilities


You were on level 2 of the Dungeon.
You were not hungry.

You visited 1 branch of the dungeon, and saw 2 of its levels.

You collected 98 gold pieces.

Inventory:

Hand weapons
 a - a +1 dagger (weapon)
Armour
 b - a +1 robe (worn)
Scrolls
 g - a scroll of identify {unknown}
 j - a scroll of random uselessness {unknown}
Potions
 e - a potion of ambrosia {unknown}
 f - a potion of brilliance {unknown}
 h - a potion of invisibility {unknown}
 i - a potion of degeneration {unknown}
 k - a potion of curing {unknown}
 m - a potion of mutation {unknown}
 n - a potion of might {unknown}
Books
 c - a book of Maledictions

   Spells                             Type                      Level
   a - Corona                         Hexes                        1
   b - Ensorcelled Hibernation        Hexes/Ice                    2
   c - Confuse                        Hexes                        3
   d - Tukima's Dance                 Hexes                        3
   e - Dazzling Spray                 Conjuration/Hexes            3
Comestibles
 d - 2 bread rations
 l - a royal jelly


   Skills:
 * Level 2.1 Short Blades
 + Level 4.3 Dodging
 - Level 4.4 Stealth
 - Level 2.6 Spellcasting
 - Level 3.6 Hexes


You had 3 spell levels left.
You knew the following spells:

 Your Spells              Type           Power        Failure   Level  Hunger
a - Corona                Hex            ##.....      6%          1    #......
b - Ensorcelled Hibernat  Hex/Ice        #.....       17%         2    ##.....


Dungeon Overview and Level Annotations

Branches:
Dungeon (2/15)

Altars:


Innate Abilities, Weirdness & Mutations

You are tiny and cannot use many weapons and most armour.
You have supernaturally acute eyesight.
You are a herbivore.
You cover ground extremely quickly.
You need consume almost no food.


Message History

Press: ? - help, Shift-Dir - straight line, f/p - gnoll
Aim: a gnoll, wielding a halberd (chance to defeat MR: 48%)
The gnoll resists with some effort.
The gnoll misses you.
Casting: Ensorcelled Hibernation
Confirm with . or Enter, or press ? or * to list all spells.
You don't have enough magic to cast that spell.
Unknown command.
As you open the door, it creaks loudly!
The gnoll hits you from afar with a spear!
Ouch! That really hurt!
The gnoll hits you but does no damage.
There is an open door here.
You open the door.
A quokka comes into view.
You barely miss the quokka. The quokka bites you.
* * * LOW HITPOINT WARNING * * *
You barely miss the quokka.
The gnoll hits you from afar with a spear!
Ouch! That really hurt!
You die...

##### #####...# ####
#.......# .....
#####.......###
......####g..#..........
......r@.gg..'..........
......####...#....###...
##### #)..#....# #..)
#...###### #[.. #...#
#... ##### ..### ...
#.... #..


You could see 3 gnolls and a quokka.

Vanquished Creatures
  A ball python (D:1)
  4 goblins
  7 hobgoblins
  5 bats (D:1)
  2 giant newts (D:1)
  4 kobolds
23 creatures vanquished.

Notes
Turn   | Place    | Note
--------------------------------------------------------------
     0 | D:1      | Lysie the Spriggan Enchanter began the quest for the Orb.
     0 | D:1      | Reached XP level 1. HP: 9/9 MP: 5/5
   264 | D:1      | Reached XP level 2. HP: 13/13 MP: 6/6
   891 | D:2      | Learned a level 2 spell: Ensorcelled Hibernation
   908 | D:2      | Mangled by a gnoll

Vault maps used:
D:1:      mrwooster_arrival_statue_3, minmay_misc_feat_secret_circle
D:2:      uniq_iyjb

Action                   || total
-------------------------++-------
Melee: Dagger            ||    60
 Cast: Ensorcelled Hiber ||     3
 Stab: Sleeping          ||    10
